Cogmind - Beta 15 @@@ ROGUE MODE // 2025.07.15 @ 01:10:20 Player: Inverisimilidude Result: Destroyed by I6-4AB(z) with Makeshift Laser Performance ------------- Evolutions (4) 2000 Regions Visited (12) 2400 Robots Destroyed (125) 625 Value Destroyed (3597) 3597 Prototype IDs (32) 640 Alien Tech Used (0) 0 Bonus (971) 971 TOTAL SCORE: 10233 Bonus ------- Follower Combat Kills 377 Aligned with FarCom 300 Met Imprinter 300 Friendly Fire -6 Cogmind --------- Core Integrity 0/850 Matter 95/300 Energy 97/100 System Corruption 13% Temperature Cool (9) Movement Core (50) Location -6/Zion Parts ------- > --- POWER (1) -------- (None) > --- PROPULSION (4) --- (None) > --- UTILITY (6) ------ (None) > --- WEAPON (4) ------- (None) > --- INVENTORY (5) ---- Makeshift Leg Flexi-carbon Leg Makeshift ECM Suite KE Penetrator Proton Missile Launcher Peak State ------------ > --- POWER ------------ F-cell Engine > --- PROPULSION ------- Carbon-fiber Leg Makeshift Leg Makeshift Leg Flexi-carbon Leg > --- UTILITY ---------- Improved Cryofiber Web Large Storage Unit Active Sensor Suite Armor Integrity Analyzer > --- WEAPON ----------- High-powered Shotgun KE Penetrator Proton Missile Launcher > --- INVENTORY -------- Makeshift Power Source Improved Aluminum Leg Carbon-fiber Leg Makeshift Leg Makeshift Leg Flexi-carbon Leg Makeshift ECM Suite Hardened Light Armor Plating Improved Light Armor Plating Heavy Rocket Launcher GAL Module [Rating: 76] Favorites ----------- Power Ion Engine Engine Ion Engine Propulsion Aluminum Leg Leg Aluminum Leg Flight Unit Improved Flight Unit Utility Improved Targeting Computer Device Cooling System Storage Large Storage Unit Processor Improved Targeting Computer Protection Hardened Light Armor Plating Weapon Flak Gun Energy Gun Improved Lightning Gun Energy Cannon Heavy Particle Cannon Ballistic Gun Flak Gun Launcher Rocket Launcher Piercing Weapon CR-A16's Pointy Stick Build | -11 -10 -10 -9 -9 -9 -8 -8 -7 -6 -6 -6 -6 ------- Run | Yrd Mat Min Mat Min Exi Min Mat Fac Fac Low Low Zio Slots Evolved 8 | . . . 2 . . . 2 2 2 . . . Power . | . . . . . . . . . . . . . Propulsion 2 | . . . 1 . . . . 1 . . . . Utility 4 | . . . 1 . . . 1 1 1 . . . Weapon 2 | . . . . . . . 1 . 1 . . . Parts Attached 92 | 6 6 8 5 5 . . 18 11 10 6 5 12 Power 8 | 1 . . 1 . . . 2 . 2 . . 2 Engine 8 | 1 . . 1 . . . 2 . 2 . . 2 Core . | . . . . . . . . . . . . . Reactor . | . . . . . . . . . . . . . Propulsion 30 | 2 2 2 1 3 . . 6 6 1 2 3 2 Treads . | . . . . . . . . . . . . . Leg 29 | 2 2 2 1 3 . . 5 6 1 2 3 2 Wheel . | . . . . . . . . . . . . . Hover . | . . . . . . . . . . . . . Flight 1 | . . . . . . . 1 . . . . . Utility 25 | 1 2 2 1 . . . 4 3 4 2 1 5 Device 10 | . . 2 . . . . . . 3 1 . 4 Storage 3 | 1 1 . . . . . 1 . . . . . Processor 6 | . 1 . 1 . . . 1 1 . . 1 1 Hackware . | . . . . . . . . . . . . . Protection 6 | . . . . . . . 2 2 1 1 . . Artifact . | . . . . . . . . . . . . . Weapon 29 | 2 2 4 2 2 . . 6 2 3 2 1 3 Energy Gun 12 | 2 2 4 1 1 . . . . 2 . . . Energy Cannon 2 | . . . . . . . 2 . . . . . Ballistic Gun 10 | . . . . . . . 4 2 1 1 1 1 Ballistic Cannon . | . . . . . . . . . . . . . Launcher 4 | . . . 1 1 . . . . . 1 . 1 Special Weapon . | . . . . . . . . . . . . . Impact Weapon . | . . . . . . . . . . . . . Slashing Weapon . | . . . . . . . . . . . . . Piercing Weapon 1 | . . . . . . . . . . . . 1 Special Melee Weapon . | . . . . . . . . . . . . . Unidentified Prototypes 9 | . . . 2 . . . 2 . 1 . . 4 Parts Lost 25 | . . . . 2 . . 3 3 7 2 2 6 Power 2 | . . . . . . . 1 . . . . 1 Propulsion 5 | . . . . 1 . . . . 2 1 1 . Utility 6 | . . . . . . . . 2 . . 1 3 Weapon 12 | . . . . 1 . . 2 1 5 1 . 2 Highest Loss Streak 4 | . . . . 2 . . 2 1 4 2 2 3 To Critical Strikes 1 | . . . . . . . . . . 1 . . Average Backups 10 | 1 8 9 9 9 7 7 10 11 10 10 12 12 Power . | . 1 1 1 1 1 1 . . . 1 1 . Propulsion 3 | . . 1 1 1 1 1 4 5 4 3 2 3 Utility 4 | . 3 4 4 4 3 3 3 3 3 5 5 4 Weapon 2 | . 3 3 3 2 2 2 1 2 1 1 3 2 Tool/Special . | . . . . . . . . . . . . . Unused Backups 13 | . 2 1 1 . 1 . . . . . . 8 Power 2 | . . 1 . . . . . . . . . 1 Propulsion 5 | . 1 . . . . . . . . . . 4 Utility 4 | . . . . . 1 . . . . . . 3 Weapon 2 | . 1 . 1 . . . . . . . . . Tool/Special . | . . . . . . . . . . . . . Average Slot Usage (%) 98 | . 96 100 96 99 100 100 98 99 96 94 98 97 Engine 8 | . 14 14 11 11 11 11 7 7 6 6 6 5 Leg 27 | . 28 28 29 32 33 33 26 30 26 25 25 25 Device 7 | . . 12 11 11 11 11 5 5 5 6 5 6 Storage 8 | . 14 14 11 11 11 11 9 7 6 6 6 5 Processor 14 | . 10 1 11 11 11 11 16 16 20 20 20 19 Protection 3 | . . . . . . . 4 7 5 5 6 4 Energy Gun 11 | . 28 28 19 11 11 11 3 . 1 6 6 5 Energy Cannon 1 | . . . . . . . 5 5 5 . . . Ballistic Gun 11 | . . . . . . . 14 16 16 12 18 18 Launcher 1 | . . . 2 10 11 11 3 . . 1 . . Peak Build Rating 76 | 6 11 16 19 20 22 21 29 44 55 58 60 76 Average Rating 38 | 5 9 13 17 19 20 21 27 39 50 53 57 61 On Entrance 27 | . 6 11 16 19 20 22 21 29 42 53 53 59 Naked Turns 12 | . . . . . . . . . . . . 12 Heaviest Build 59 | 14 21 25 26 27 27 27 44 48 53 57 53 59 Greatest Support 75 | 20 20 20 30 35 35 35 41 73 73 66 66 75 Greatest Overweight (x) 3 | 3 1 1 1 1 . . 1 . . 1 . 1 Average Overweight (x) . | . . . . . . . . . . . . . Largest Inventory Capacity 15 | 8 10 10 10 10 10 10 15 15 15 15 15 15 Average Capacity 13 | 7 9 10 10 10 10 10 13 15 15 15 15 14 Most Carried 15 | 3 10 10 10 10 10 9 15 15 15 15 15 15 Average Carried 12 | 1 8 9 9 9 8 9 12 14 12 12 14 14 Final Capacity 15 | 8 10 10 10 10 10 10 15 15 15 15 15 5 Final Carried 15 | 3 10 10 10 8 10 9 15 14 15 15 13 5 Class Distribution -------------------- 38% | Scavenger-Gunner 28% | Mutant 14% | Skirmisher 8% | Derelict-Gunner 6% | Scavenger-Mutant Dominant Class ---------------- Mutant | -10/Materials Mutant | -10/Mines Mutant | -9/Materials Mutant | -9/Mines Mutant | -9/Exiles Mutant | -8/Mines Skirmisher | -8/Materials Skirmisher | -7/Factory Gunner | -6/Factory Scavenger-Gunner | -6/Lower Caves Scavenger-Gunner | -6/Lower Caves Scavenger-Gunner | -6/Zion Resources | -11 -10 -10 -9 -9 -9 -8 -8 -7 -6 -6 -6 -6 ----------- Run | Yrd Mat Min Mat Min Exi Min Mat Fac Fac Low Low Zio Matter Collected 2932 | 227 103 80 88 137 . . 539 480 411 280 406 181 Remotely . | . . . . . . . . . . . . . Salvage Created 4123 | . 404 568 241 228 . 12 601 738 543 292 283 213 Parts 267 | . 32 38 23 8 . 1 44 38 36 8 16 23 Haulers Intercepted 4 | . 2 . 1 . . . 1 . . . . . Recyclers Shooed 2 | . . 1 . . . . 1 . . . . . Parts Field Recycled . | . . . . . . . . . . . . . Retrieved Matter . | . . . . . . . . . . . . . Parts Self-Destructed 26 | . . . . . . . . . . 14 12 . Prevented 13 | . . . . . . . . . . . 13 . Kills | -11 -10 -10 -9 -9 -9 -8 -8 -7 -6 -6 -6 -6 ------- Run | Yrd Mat Min Mat Min Exi Min Mat Fac Fac Low Low Zio Combat Hostiles Destroyed 79 | . 8 8 8 9 . 2 7 16 9 5 7 . Guns 62 | . 8 8 8 2 . 1 6 12 5 5 7 . Cannons 7 | . . . . . . . 1 2 4 . . . AOE 10 | . . . . 7 . 1 . 2 . . . . Classes Destroyed 19 | . 6 3 . 3 . . . 3 1 1 1 1 Worker 8 | . . 4 1 . . . 2 . 1 . . . Builder 12 | . 1 4 . . . . 7 . . . . . Tunneler 3 | . . 3 . . . . . . . . . . Hauler 4 | . 2 . 1 . . . 1 . . . . . Recycler 4 | . 1 3 . . . . . . . . . . Watcher 7 | . 1 . 2 . . . 3 1 . . . . Swarmer 14 | . 3 5 4 . . 2 . . . . . . Cutter 3 | . . . . . . . . 3 . . . . Grunt 25 | . 5 2 2 4 . . 3 6 . . 3 . Brawler 2 | . . . . 1 . . . . . . 1 . Sentry 14 | . . 1 2 . . . 4 2 5 . . . Demolisher 1 | . . . . 1 . . . . . . . . Specialist 4 | . . . . . . . . 2 2 . . . Hunter 2 | . . . . . . . . . . . 2 . Programmer 5 | . . . . . . . . 3 1 . 1 . Heavy 1 | . . . . . . . . . 1 . . . Zionite 11 | . . . . . . . . . . . . 11 Assembled 3 | . . . . 3 . . . . . . . . Savage 4 | . . . . . . . . . . 4 . . Mutant 1 | . . . . . . . . . . 1 . . Best Kill Streak 6 | . 4 5 4 3 . 2 6 3 5 2 4 3 Combat Bots Only 5 | . 3 2 4 3 . 2 2 3 5 2 4 . Max Kills in Single Turn 3 | . 2 1 3 3 . 1 2 2 1 1 1 1 Gunslinging . | . . . . . . . . . . . . . Exploded 3 | . . . . 3 . 1 . 2 . . . . Melee . | . . . . . . . . . . . . . Uniques/NPCs Destroyed . | . . . . . . . . . . . . . Combat | -11 -10 -10 -9 -9 -9 -8 -8 -7 -6 -6 -6 -6 -------- Run | Yrd Mat Min Mat Min Exi Min Mat Fac Fac Low Low Zio Hostile Shots Fired 552 | . 32 24 18 11 . 6 50 134 167 27 30 53 Missed 154 | . 13 7 5 2 . 1 11 37 48 9 5 16 Hits 398 | . 19 17 13 9 . 5 39 97 119 18 25 37 Melee 11 | . . . . . . . . 3 . 3 2 3 Projectile 387 | . 19 17 13 9 . 5 39 94 119 15 23 34 AOE 4 | . . . . 3 . . . 1 . . . . Critical Strikes 15 | . . 1 1 1 . . 2 3 1 1 1 4 Part Disruptions 1 | . . . . . . . . . 1 . . . Damage Taken 6635 | . 199 177 156 248 . 38 882 1434 1288 413 487 1313 Core 1339 | . 27 48 28 29 . 7 139 206 149 38 37 631 Absorbed by Shields . | . . . . . . . . . . . . . Regen/Repaired (Parts) 134 | . . . . . . . . . 134 . . . Core Remaining (%) 79 | 100 . 70 . . . 84 74 70 . . . . Volleys Fired 290 | . 25 43 20 8 . 2 41 49 26 12 14 50 Largest 4 | . 2 2 2 2 . 1 3 3 4 4 4 4 Hottest 208 | . 130 140 130 90 . 45 123 114 208 202 141 141 Shots Fired 675 | . 50 86 36 13 . 2 100 142 86 42 53 65 Gun 561 | . 50 86 32 7 . 2 76 107 60 34 53 54 Cannon 78 | . . . . . . . 19 32 26 1 . . Launcher 36 | . . . 4 6 . . 5 3 . 7 . 11 Special . | . . . . . . . . . . . . . Kinetic 310 | . . . . . . . 62 107 45 23 42 31 Thermal 246 | . 50 86 32 . . . 19 32 26 1 . . Explosive 24 | . . . 4 6 . . 5 3 . . . 6 Electromagnetic 95 | . . . . 7 . 2 14 . 15 18 11 28 Robot Hit Streak 31 | . 9 9 14 5 . 4 12 20 31 9 9 3 Robot Miss Streak 11 | . 8 11 4 4 . 1 3 6 3 7 7 4 Penetration Max . | . . . . . . . . . . . . . Secondary Targets 5 | . . 1 1 . . . . . . 1 2 . Max Gunslinging Chain 1 | . . 1 1 . . . . . . 1 1 . Shots Hit Robots 448 | . 42 55 27 6 . 2 63 104 63 31 39 16 Core Hits 365 | . 43 71 43 16 . 2 34 39 33 30 42 12 Critical Kills . | . . . . . . . . . . . . . Critical Parts Destroyed 1 | . . . . . . . . 1 . . . . Critical Strikes 1 | . . . . . . . . 1 . . . . Destroy 1 | . . . . . . . . 1 . . . . Melee Attacks 142 | . . . . . . . . . . . . 142 Impact . | . . . . . . . . . . . . . Slashing . | . . . . . . . . . . . . . Piercing 142 | . . . . . . . . . . . . 142 Sneak Attacks . | . . . . . . . . . . . . . Combat Hostiles . | . . . . . . . . . . . . . Follow-up Attacks . | . . . . . . . . . . . . . Damage Inflicted 9550 | . 505 760 479 568 . 207 1549 2184 1336 795 729 438 Guns 6221 | . 505 760 376 80 . 29 809 1412 793 568 729 160 Cannons 1335 | . . . . . . . 300 467 543 25 . . Explosions 1762 | . . . 103 488 . 178 435 305 . 202 . 51 Melee 227 | . . . . . . . . . . . . 227 Ramming 5 | . . . . . . . 5 . . . . . Kinetic 3714 | . . . . . . . 637 1412 565 380 581 139 Thermal 3588 | . 505 760 376 59 . 178 370 772 543 25 . . Explosive 897 | . . . 103 429 . . 365 . . . . . Electromagnetic 1119 | . . . . 80 . 29 172 . 228 390 148 72 Impact . | . . . . . . . . . . . . . Slashing . | . . . . . . . . . . . . . Piercing 227 | . . . . . . . . . . . . 227 Highest Corruption 13 | . . . . . . . 3 5 2 4 4 13 Average Corruption 3 | . . . . . . . 2 3 1 3 4 4 Corruption Purged . | . . . . . . . . . . . . . Corruption Blocked . | . . . . . . . . . . . . . Effects 152 | . . . . . . . 31 12 3 39 47 20 Message Errors 24 | . . . . . . . 3 1 . 4 10 6 Matter Fused 43 | . . . . . . . 10 3 . 8 19 3 Heat Flow Errors 19 | . . . . . . . 3 3 . 6 5 2 Energy Discharges 17 | . . . . . . . 4 1 1 4 5 2 Parts Rejected 2 | . . . . . . . . . . 2 . . Parts Fused 3 | . . . . . . . 2 1 . . . . Data Loss (minor) 21 | . . . . . . . 5 3 2 6 3 2 Data Loss (major) 12 | . . . . . . . 2 . . 6 2 2 Misfires 4 | . . . . . . . . . . 3 1 . Alerts 2 | . . . . . . . 1 . . . 1 . Weapon Failures 5 | . . . . . . . 1 . . . 1 3 Overload Shots . | . . . . . . . . . . . . . Overflow Damage 162 | . . . . . . 27 2 111 22 . . . Projectiles 22 | . . . . . . . . . 22 . . . Explosions 140 | . . . . . . 27 2 111 . . . . Melee . | . . . . . . . . . . . . . Knockbacks . | . . . . . . . . . . . . . Impact . | . . . . . . . . . . . . . Kinetic . | . . . . . . . . . . . . . Secondary . | . . . . . . . . . . . . . Self-Inflicted Damage 298 | . . . 26 46 . . 12 89 . 19 . 106 Shots 11 | . . . 1 1 . . 1 2 . 1 . 5 Rammed . | . . . . . . . . . . . . . Targets Rammed 2 | . . . . . . . 2 . . . . . Kicked 2 | . . . . . . . 2 . . . . . Crushed . | . . . . . . . . . . . . . Highest Temperature 386 | . 294 250 7 9 . . 212 229 167 252 386 111 Average Temperature 74 | . 108 39 4 9 . . 62 66 44 79 126 58 Received Heat Transfer 1446 | . 93 63 45 51 . . 207 318 297 69 135 168 Effects 5 | . . 3 . . . . . . . . 2 . Shutdowns 1 | . . . . . . . . . . . 1 . Energy Bleed 1 | . . . . . . . . . . . 1 . Interference 3 | . . 3 . . . . . . . . . . Siege Activations . | . . . . . . . . . . . . . Martial Activations . | . . . . . . . . . . . . . Shielding Activations . | . . . . . . . . . . . . . Robots Disrupted . | . . . . . . . . . . . . . Combat Hostiles . | . . . . . . . . . . . . . Robots Corrupted . | . . . . . . . . . . . . . Combat Hostiles . | . . . . . . . . . . . . . Parts Fried 1 | . . . . . . . . . 1 . . . Impact Corruptions . | . . . . . . . . . . . . . Robots Melted . | . . . . . . . . . . . . . Combat Hostiles . | . . . . . . . . . . . . . Parts Melted 7 | . 3 2 . . . . . 1 . . . 1 Heat Transferred 5132 | . 838 1129 480 50 . 250 544 1027 777 37 . . Parts Sabotaged . | . . . . . . . . . . . . . Parts Stolen . | . . . . . . . . . . . . . Parts Stripped . | . . . . . . . . . . . . . Power Chain Reactions 3 | . . . . 1 . 1 . . . . . 1 Alert | -11 -10 -10 -9 -9 -9 -8 -8 -7 -6 -6 -6 -6 ------- Run | Yrd Mat Min Mat Min Exi Min Mat Fac Fac Low Low Zio Maximum Alert Level 1 | . . . . . . . 1 1 . . . . Low Security (%) 99 | 100 100 100 100 100 . 100 98 97 100 . . . Level 1 . | . . . . . . . 1 2 . . . . Level 2 . | . . . . . . . . . . . . . Level 3 . | . . . . . . . . . . . . . Level 4 . | . . . . . . . . . . . . . Level 5 . | . . . . . . . . . . . . . High Security . | . . . . . . . . . . . . . Max Security . | . . . . . . . . . . . . . Peak Influence 325 | . 84 84 140 159 . 104 202 325 173 . . . Initial 173 | . . . . 39 . . 24 86 173 . . . Average 37 | . 33 9 67 45 . 78 62 59 57 . . . Influence Increases 3065 | . 244 363 321 262 . 104 663 636 264 23 185 . Destroy 0b10 Robot/C 1720 | . 160 200 160 120 . 60 320 360 180 20 140 . Destroy 0b10 Robot/NC 190 | . 25 70 20 . . . 65 5 5 . . . Destroy Leader 432 | . 36 30 36 30 . 10 88 112 60 . 30 . Allied During Kill 49 | . . 3 . . . 7 30 6 . 3 . . Successful Hack 41 | . 8 . . . . . 5 11 17 . . . Disable Machine 225 | . . 15 45 30 . 15 30 90 . . . . Destroy Structure 228 | . . . 30 52 . 12 80 52 2 . . . Partial Spotted 30 | . . . 30 . . . . . . . . . Lose Combat Pursuer 150 | . 15 45 . 30 . . 45 . . . 15 . Influence Decreases 3065 | . 244 363 220 290 73 40 535 473 568 74 184 1 Entered New Map 484 | . . . . 62 73 . 40 106 182 20 . 1 Time Decay 2399 | . 244 343 220 208 . 40 473 337 326 44 164 . Lost Part 162 | . . . . 20 . . 22 30 60 10 20 . Lost Ally 20 | . . 20 . . . . . . . . . . Squads Dispatched 26 | . 2 . . . . . 5 12 7 . . . Investigation 5 | . 2 . . . . . 1 2 . . . . Extermination 3 | . . . . . . . . 2 1 . . . Reinforcement 11 | . . . . . . . 4 4 3 . . . Assault . | . . . . . . . . . . . . . Garrison 7 | . . . . . . . . 4 3 . . . Intercept . | . . . . . . . . . . . . . Searches Triggered . | . . . . . . . . . . . . . Construction Impeded 2 | . . . . . . . 2 . . . . . Haulers Reinforced . | . . . . . . . . . . . . . Active Scanning Responses . | . . . . . . . . . . . . . Cargo Convoy Interrupts 1 | . . . . . . . . . 1 . . . Stealth | -11 -10 -10 -9 -9 -9 -8 -8 -7 -6 -6 -6 -6 --------- Run | Yrd Mat Min Mat Min Exi Min Mat Fac Fac Low Low Zio Distress Signals 6 | . 2 . 1 . . . 1 1 1 . . . Communications Jammed . | . . . . . . . . . . . . . Distress Signals . | . . . . . . . . . . . . . Times Spotted 166 | . 16 11 16 20 . 4 13 21 14 10 7 34 Peak Tracking Total 22 | . 4 3 6 17 . 3 4 3 4 5 4 22 Tactical Retreats 8 | . 1 2 . 1 . . 2 . . . 1 1 Traps | -11 -10 -10 -9 -9 -9 -8 -8 -7 -6 -6 -6 -6 ------- Run | Yrd Mat Min Mat Min Exi Min Mat Fac Fac Low Low Zio Traps Triggered 6 | . 2 . . . . . 1 2 1 . . . Indirectly . | . . . . . . . . . . . . . Trap Hack Attempts . | . . . . . . . . . . . . . Triggered . | . . . . . . . . . . . . . Disarmed . | . . . . . . . . . . . . . Reprogrammed . | . . . . . . . . . . . . . Reused . | . . . . . . . . . . . . . Traps Extracted . | . . . . . . . . . . . . . Installed . | . . . . . . . . . . . . . Triggered . | . . . . . . . . . . . . . Machines | -11 -10 -10 -9 -9 -9 -8 -8 -7 -6 -6 -6 -6 ---------- Run | Yrd Mat Min Mat Min Exi Min Mat Fac Fac Low Low Zio Machines Disabled 18 | . . 1 3 2 . 1 2 6 . . . 3 Max in Single Turn 6 | . . 1 1 1 . 1 1 6 . . . 1 Machines Repaired . | . . . . . . . . . . . . . Machines Dismantled . | . . . . . . . . . . . . . Machines Sabotaged . | . . . . . . . . . . . . . Overloaded Fab Kills . | . . . . . . . . . . . . . Hacking | -11 -10 -10 -9 -9 -9 -8 -8 -7 -6 -6 -6 -6 --------- Run | Yrd Mat Min Mat Min Exi Min Mat Fac Fac Low Low Zio Machines Accessed 9 | . 2 . . . 1 . 2 2 2 . . . Terminals 7 | . 2 . . . . . 2 2 1 . . . Fabricators . | . . . . . . . . . . . . . Repair Stations 1 | . . . . . . . . . 1 . . . Recycling Units . | . . . . . . . . . . . . . Scanalyzers . | . . . . . . . . . . . . . Garrison Access . | . . . . . . . . . . . . . Total Hacks 22 | . 4 . . . 1 . 6 7 4 . . . Successful 9 | . 1 . . . 1 . 1 3 3 . . . Failed 13 | . 3 . . . . . 5 4 1 . . . Catastrophic 3 | . 1 . . . . . 2 . . . . . Database Lockouts . | . . . . . . . . . . . . . Manual 17 | . 1 . . . 1 . 6 5 2 . . 2 Terminals 19 | . 4 . . . . . 6 7 2 . . . Fabricators . | . . . . . . . . . . . . . Repair Stations 2 | . . . . . . . . . 2 . . . Recycling Units . | . . . . . . . . . . . . . Scanalyzers . | . . . . . . . . . . . . . Garrison Access . | . . . . . . . . . . . . . Terminal Hacks 3 | . 1 . . . 1 . . 1 . . . . Branch Access Points 2 | . 1 . . . . . . 1 . . . . Proto ID Catalog 1 | . . . . . 1 . . . . . . . Fabricator Hacks . | . . . . . . . . . . . . . Repair Station Hacks 2 | . . . . . . . . . 2 . . . Scan Component 1 | . . . . . . . . . 1 . . . Repair 1 | . . . . . . . . . 1 . . . Recycling Unit Hacks . | . . . . . . . . . . . . . Scanalyzer . | . . . . . . . . . . . . . Garrison Access Hacks . | . . . . . . . . . . . . . Unauthorized Hacks 4 | . . . . . . . 1 2 1 . . . Terminals 4 | . . . . . . . 1 2 1 . . . Botnet 4 | . . . . . . . 1 2 1 . . . Fabricators . | . . . . . . . . . . . . . Repair Stations . | . . . . . . . . . . . . . Recycling Units . | . . . . . . . . . . . . . Scanalyzers . | . . . . . . . . . . . . . Garrison Access . | . . . . . . . . . . . . . Data Cores Recovered . | . . . . . . . . . . . . . Used . | . . . . . . . . . . . . . Hacking Detections 6 | . 1 . . . . . 2 2 1 . . . Full Trace Events 4 | . 1 . . . . . 2 1 . . . . Feedback Events 1 | . . . . . . . 1 . . . . . Corruption 1 | . . . . . . . 1 . . . . . Feedback Blocked . | . . . . . . . . . . . . . Robot Schematics Acquired 1 | . . . . . . . . . . . . 1 Robots Built . | . . . . . . . . . . . . . Authchips . | . . . . . . . . . . . . . Time . | . . . . . . . . . . . . . Total Robot Build Rating . | . . . . . . . . . . . . . Part Schematics Acquired . | . . . . . . . . . . . . . Parts Built . | . . . . . . . . . . . . . Authchips . | . . . . . . . . . . . . . Time . | . . . . . . . . . . . . . Total Part Build Rating . | . . . . . . . . . . . . . Parts Repaired 1 | . . . . . . . . . 1 . . . Time 38 | . . . . . . . . . 38 . . . Parts Recycled . | . . . . . . . . . . . . . Recycled Matter . | . . . . . . . . . . . . . Retrieved Matter . | . . . . . . . . . . . . . Retrieved Components . | . . . . . . . . . . . . . Parts Scanalyzed . | . . . . . . . . . . . . . Part Schematics Acquired . | . . . . . . . . . . . . . Parts Damaged . | . . . . . . . . . . . . . Bothacking | -11 -10 -10 -9 -9 -9 -8 -8 -7 -6 -6 -6 -6 ------------ Run | Yrd Mat Min Mat Min Exi Min Mat Fac Fac Low Low Zio Used RIF Installer . | . . . . . . . . . . . . . Robots Hacked . | . . . . . . . . . . . . . Non-combat . | . . . . . . . . . . . . . Combat . | . . . . . . . . . . . . . Robot Hacks Applied . | . . . . . . . . . . . . . Relay Couplers Released . | . . . . . . . . . . . . . Fabnet Peak Effective % . | . . . . . . . . . . . . . Robots Rewired 3 | . . . . . . . . . . 3 . . Allies Hacked . | . . . . . . . . . . . . . Hacks Repelled . | . . . . . . . . . . . . . Allies | -11 -10 -10 -9 -9 -9 -8 -8 -7 -6 -6 -6 -6 -------- Run | Yrd Mat Min Mat Min Exi Min Mat Fac Fac Low Low Zio Total Allies 4 | . . 1 . . . . . . . 3 . . Largest Group 3 | . . 1 . . . . . . . 3 3 . Highest-Rated Group 68 | . . 31 . . . . . . . 68 68 . Highest-Rated Ally 31 | . . 31 . . . . . . . 31 28 . Total Orders 4 | . . . . . . . . . . 2 2 . FOLLOW 1 | . . . . . . . . . . . 1 . GUARD 3 | . . . . . . . . . . 2 1 . Ally Attacks 34 | . . 8 . . . 4 13 3 . 3 3 . Total Damage 1260 | . . 128 . . . 222 697 149 . 64 . . Kills 15 | . . 2 . . . 1 9 2 . 1 . . Allies Corrupted . | . . . . . . . . . . . . . Allies Melted . | . . . . . . . . . . . . . Turrets Deployed 3 | . . . . . . 1 1 1 . . . . Intel | -11 -10 -10 -9 -9 -9 -8 -8 -7 -6 -6 -6 -6 ------- Run | Yrd Mat Min Mat Min Exi Min Mat Fac Fac Low Low Zio Active Infowar (turns) 8780 | . . 1309 92 . . . 2059 1630 924 1680 1007 79 Optics 7058 | . . . . . . . 1817 1630 924 1680 1007 . Sensors 37 | . . . . . . . . . . . . 37 A.S.S. 39 | . . . . . . . . . . . . 39 Terrain 1643 | . . 1309 92 . . . 242 . . . . . Cloaking 3 | . . . . . . . . . . . . 3 Jamming 11 | . . . . . . . . . 11 . . . Robot Analysis Total . | . . . . . . . . . . . . . Derelict Logs Recovered 7 | . . 2 . 1 . . . . . 2 1 1 Drone Launches . | . . . . . . . . . . . . . Drone Recoveries . | . . . . . . . . . . . . . Exploration | -11 -10 -10 -9 -9 -9 -8 -8 -7 -6 -6 -6 -6 ------------- Run | Yrd Mat Min Mat Min Exi Min Mat Fac Fac Low Low Zio Turns Passed 21530 | 90 739 4435 595 796 718 92 2094 1630 924 1680 1952 5785 Spaces Moved 11609 | 63 362 1766 360 567 596 72 1022 713 527 1239 1348 2974 Core 69 | 10 . . . . . . . . . . . 59 Treads . | . . . . . . . . . . . . . Legs 11540 | 53 362 1766 360 567 596 72 1022 713 527 1239 1348 2915 Wheels . | . . . . . . . . . . . . . Hover . | . . . . . . . . . . . . . Flight . | . . . . . . . . . . . . . Fastest Speed 50 | 50 120 120 120 120 120 120 120 120 120 120 120 50 Average Speed 134 | 124 171 182 133 120 120 120 140 120 123 120 120 123 Slowest Speed 200 | 200 190 190 190 190 120 120 190 125 125 190 120 130 Overloaded Moves . | . . . . . . . . . . . . . Propulsion Burnouts . | . . . . . . . . . . . . . Robots Hopped . | . . . . . . . . . . . . . Potential Cave-ins 24 | . . . . . . . . . . . . 24 Cave-ins Triggered 2 | . . . . . . . . . . . . 2 Exploration Rate (%) 59 | 5 56 100 29 99 91 17 49 20 14 99 97 91 Regions Visited 12 Branch Regions 7 Pre-discovered Areas 1 | . . . . 1 . . . . . . . . Known Exits Taken 3 | . 1 . 1 . . . . . . . 1 . Unknown Exits Taken 9 | 1 . 1 . 1 1 1 1 1 1 1 . . Scrap Searched 12 | . . 1 . 2 . . . . . 5 2 2 Spaces Dug 71 | . . . . . . . 11 . . . . 60 Terrain Destroyed 393 | . . . 28 60 . 16 85 50 . . . 154 Melee 59 | . . . . . . . . . . . . 59 Projectile 7 | . . . . . . . 6 . . . . 1 AOE 326 | . . . 28 60 . 16 79 50 . . . 93 Terrain Rammed . | . . . . . . . . . . . . . Walls Destroyed . | . . . . . . . . . . . . . Machines Disabled . | . . . . . . . . . . . . . Actions | -11 -10 -10 -9 -9 -9 -8 -8 -7 -6 -6 -6 -6 --------- Run | Yrd Mat Min Mat Min Exi Min Mat Fac Fac Low Low Zio Total 16681 | 71 434 2900 439 665 599 76 1601 1377 736 1402 1651 4730 Wait 4343 | . 22 1074 43 82 . 2 493 589 157 84 276 1521 Move 11597 | 62 361 1765 359 566 595 71 1021 712 526 1238 1347 2974 Hop . | . . . . . . . . . . . . . Pick Up 54 | 3 10 5 4 . 3 . 8 3 6 2 3 7 Fast Attach 33 | 6 2 . 3 . . . 7 4 6 2 1 2 Attach 32 | . . . 1 2 . . 4 3 7 6 3 6 Detach 12 | . . . 1 . . . 1 . 2 4 . 4 Swap 55 | . 5 8 3 4 . . 11 10 3 1 2 8 Drop 69 | . 9 5 5 3 1 1 13 7 3 1 5 16 Fire 290 | . 25 43 20 8 . 2 41 49 26 12 14 50 Melee 142 | . . . . . . . . . . . . 142 Ram . | . . . . . . . . . . . . . Kick 2 | . . . . . . . 2 . . . . . Crush . | . . . . . . . . . . . . . Escape Stasis . | . . . . . . . . . . . . . Rewire 51 | . . . . . . . . . . 51 . . Trap . | . . . . . . . . . . . . . Miscellaneous 1 | . . . . . . . . . . 1 . . Route ------- -11/Scrapyard -10/Materials (discovered 2 exits: [*Mat] / *Min) -10/Mines (discovered 3 exits: [*Mat x2] / [*Sub]) -9/Materials (discovered 2 exits: *Min / Sto) -9/Mines (discovered 3 exits: *Mat x2 / *Exi) -9/Exiles -8/Mines -8/Materials -7/Factory (discovered 3 exits: *Fac / *Low x2) -6/Factory -6/Lower Caves -6/Lower Caves (discovered 2 exits: *Fac / *Zio) -6/Zion (discovered 1 exit: [*Pro]) History --------- Turn | Location | Event 32 | -11/Scrapyard | Discovered new exit (range 15) 91 | -11/Scrapyard | Entered Materials 142 | -10/Materials | Identified exit to Mines 309 | -10/Materials | Build established: Mutant 515 | -10/Materials | Discovered new exit (range 16) 830 | -10/Materials | Entered Mines 893 | -10/Mines | Found a damaged Exp. Sensor Array with a note attached 899 | -10/Mines | Found Prototype Device 902 | -10/Mines | Learned 2 Materials zone layouts 903 | -10/Mines | Received a Mining Laser from a helpful Derelict 1072 | -10/Mines | Discovered new exit (range 11) 1339 | -10/Mines | Discovered new exit (range 5) 1463 | -10/Mines | Discovered new exit (range 11) 4262 | -10/Mines | Build established: Scavenger-Mutant 5265 | -10/Mines | Entered Materials 5265 | -9/Materials | Evolved 2 slots: Propulsion x1, Utility x1 5266 | -9/Materials | Identified exit to Storage 5267 | -9/Materials | Identified exit to Mines 5658 | -9/Materials | Build established: Mutant 5860 | -9/Materials | Entered Mines 5983 | -9/Mines | Assembled infested the area 6046 | -9/Mines | Received a Rocket Launcher from a helpful Derelict 6127 | -9/Mines | Discovered new exit (range 15) 6151 | -9/Mines | Learned Materials emergency access door positions 6207 | -9/Mines | Learned location of Storage (-9) 6399 | -9/Mines | Discovered new exit (range 13) 6650 | -9/Mines | Deemed a non-threat by the Exiles lab entrance 6651 | -9/Mines | Discovered new exit (range 5) 6656 | -9/Mines | Entered Exiles 6690 | -9/Exiles | Met 8R-AWN 6707 | -9/Exiles | Met EX-HEX 6746 | -9/Exiles | Met EX-BIN 6815 | -9/Exiles | Met EX-DEC 6839 | -9/Exiles | Visited The Gauntlet 7067 | -9/Exiles | Discovered new exit (range 14) 7193 | -9/Exiles | Aligned with FarCom system 7194 | -9/Exiles | Given EX-Vault access code 7234 | -9/Exiles | Opened EX-Vault 7244 | -9/Exiles | Found Deploy-a-Sentry 7247 | -9/Exiles | Found Deploy-a-Sentry 7249 | -9/Exiles | Found Deploy-a-Sentry 7273 | -9/Exiles | Warned to stay clear of 0b10 Research branches 7374 | -9/Exiles | Left Exiles lab with Deploy-a-Sentry 7374 | -9/Exiles | Entered Mines 7376 | -8/Mines | DAS Turret deployed 7453 | -8/Mines | Discovered new exit (range 12) 7466 | -8/Mines | Entered Materials 7466 | -8/Materials | Evolved 2 slots: Utility x1, Weapon x1 8047 | -8/Materials | Build established: Skirmisher 8447 | -8/Materials | Discovered new exit (range 4) 8465 | -8/Materials | DAS Turret deployed 8476 | -8/Materials | Found Prototype Device 9560 | -8/Materials | Entered Factory 9560 | -7/Factory | Evolved 2 slots: Propulsion x1, Utility x1 9799 | -7/Factory | Identified exit to Lower Caves 10514 | -7/Factory | Garrison activated, responded to threat 10695 | -7/Factory | Garrison activated, responded to threat 11095 | -7/Factory | Build established: Scavenger-Gunner 11160 | -7/Factory | Discovered new exit (range 18) 11166 | -7/Factory | DAS Turret deployed 11190 | -7/Factory | Entered another Factory area 11190 | -6/Factory | Evolved 2 slots: Utility x1, Weapon x1 11437 | -6/Factory | Repaired Hrd. Medium Armor Plating 11611 | -6/Factory | Build established: Gunner 11822 | -6/Factory | Garrison activated, responded to threat 11911 | -6/Factory | Lost 4 parts (1n3w) 11915 | -6/Factory | Discovered new exit (range 13) 12080 | -6/Factory | Cargo convoy interrupted 12114 | -6/Factory | Entered Lower Caves 12115 | -6/Lower Caves | Encountered a Warlord checkpoint 12129 | -6/Lower Caves | Learned Factory stockpile data 12136 | -6/Lower Caves | Build established: Scavenger-Gunner 12162 | -6/Lower Caves | Attacked by a faux Warlord 12567 | -6/Lower Caves | Learned location of 1 exit from Factory 12785 | -6/Lower Caves | Activated DRS Beacon 13315 | -6/Lower Caves | Attracted the attention of an 0b10 outpost 13591 | -6/Lower Caves | Discovered new exit (range 7) 13794 | -6/Lower Caves | Entered another Lower Caves area 13794 | -6/Lower Caves | Accompanied by 3 allies 13809 | -6/Lower Caves | Discovered new exit (range 6) 13834 | -6/Lower Caves | Spotted B-75 Beast 14087 | -6/Lower Caves | Encountered a Warlord checkpoint 14267 | -6/Lower Caves | Lost 6 allies 14787 | -6/Lower Caves | Discovered new exit (range 13) 14803 | -6/Lower Caves | Identified exit to Zion 15485 | -6/Lower Caves | Identified exit to Factory 15746 | -6/Lower Caves | Entered Zion 15894 | -6/Zion | Discovered new exit (range 15) 16039 | -6/Zion | System corruption cleaned by Quarantine Array 16210 | -6/Zion | Learned location of 1 exit from Factory 16265 | -6/Zion | Found Prototype Device 16266 | -6/Zion | Identified Mobile Refinery Mk. CCLXVII 16551 | -6/Zion | Received a visual enhancement algorithm 16553 | -6/Zion | Ran a visual enhancement algorithm 16554 | -6/Zion | Build established: Derelict-Gunner 16567 | -6/Zion | Ran a visual enhancement algorithm 17502 | -6/Zion | Found GAL Module 17629 | -6/Zion | Rebuked by Imprinter 17788 | -6/Zion | Build established: Scavenger-Gunner 20394 | -6/Zion | Found CR-A16's Pointy Stick 20700 | -6/Zion | Build established: Derelict-Gunner 20862 | -6/Zion | Warned about damaging Zion machinery 20948 | -6/Zion | Caused signficant damage to Zion machinery 20948 | -6/Zion | Attacked by Zionites 20969 | -6/Zion | Crushed by falling debris 21310 | -6/Zion | Crushed by falling debris 21310 | -6/Zion | System corruption reached 10% 21341 | -6/Zion | Lost 3 parts (1p1u1w) 21412 | -6/Zion | Identified Exp. Sensor Array 21459 | -6/Zion | Identified Active Sensor Suite 21484 | -6/Zion | Core integrity fell below 50% 21508 | -6/Zion | Core integrity fell below 20% 21531 | -6/Zion | Destroyed by I6-4AB(z) with Makeshift Laser Last Messages --------------- Twisted Machinery. 21508_ Acquired 1 matter. 21509_ LM-BX8(z) pulls a Unknown Impact Weapon out of the Twisted Machinery. 21512_ System corrupted: Matter fused (-6). 21512_ BD-FZ2(z) Mak. Leg blasted off. 21515_ Armor Integrity Analyzer severed. 21515_ DD-32N(z) pulls a Mak. Laser out of the Twisted Machinery. 21517_ 4P-IJR(z) pulls a Mak. Sword out of the Twisted Machinery. 21519_ Discarded Active Sensor Suite. 7E-T76(z) bursts out of the Twisted Machinery. 21527_ Acquired 26 matter. 21528_ 7E-T76(z) pulls a Mak. Sword out of the Twisted Machinery. 21528_ YB-B1A(z) pulls a Mak. Spear out of the Twisted Machinery. 21529_ I6-4AB(z) pulls a Mak. Laser out of the Twisted Machinery. Map ----- +----------------------------------------------------+ | ?????????????????????????????????????????????????? | | ?????????????????????????????????????????????????? | | ???????####??????????????????????????????????????? | | ??????##" "??????????????????????????????????????? | | ?????##" ""#??????????????#######???????????????? | | ?????#"" !!%#?????????????##"""" #???????????????? | | ?????#"" ""#?????????????#""!""#????????????????? | | ?????###" "##?????????????#! %!#????????????????? | | ??#### ## #?????????????#!! !#????????#####???? | | ?##"##"" ####??????????### ###??????##"#"##??? | | ?#"""""""" # "#??????????# # # #??????#"""""#??? | | ##" "" #???????????# ##????###""""#??? | | """ """" #??????????## ###?##""" ""#??? | | " """ #??????????#""""# ###""" ""#??? | | " """ #######????#"""""" "#""" ""#??? | | " "" # """##??##"" "#" """ ""###?? | | "" """#??#""" """ ""#"##? | | "##??##"" """ """""## | | "###?#"""" ""#"""" | | """ ""#"##"#"" """""" | | """" """#"#""""" "" | | " """""""""" """"#"" | | " """"""#"" "#" """ | | """ """" "" ""#"" """" """ | | "" "" """""##" """" """ | | """"""""#" @ "" | | """"""""""" "" "" | | "" """ | | "" """"""" | | ! c """"""" | | """""" "#""" z ""##"""""" " """ "" | | """"""" """" z""""""""z"""" " """ | | ""#"#""" """" """#""#"##""" " """ | | ""###"#""""""" ""#"#####"" " " "" | | "##?####"#"""" ""##??##"" "" | | "#?????######""" """""##???#""" | | "#??????????#"""""""###????##"" | | ""#??????????####"##"#??????#"#" | | ""#?????????????##??##??????##"" """" | | "##?????????????????????????#""" """"" | | ""#?????????????????????????#""" """# | | ""#?????????????????????????#"" """ ""#" | | """#????????????????????????###" """" """" | | ""###????????????????????????#""" """" """ | | ""#"#????????????????????????##"" """" "" | | """#?????????????????????????#"" """" "" | | "##???????????????????#######"" ""#" | | """#???????????????????#""#X "" """" | | "###???????????????????#" "#" """""""""" | | "###???????????????????#" #" """""""""" | +----------------------------------------------------+ Best States ------------- Heat Dissipation 64 Energy Generation 19 Energy Capacity 500 Matter Stores 300 Matter Capacity 300 Sight Range 18 Robot Scan Range 20 Terrain Scan Range 16 Terrain Scan Density 10 Jamming Range 12 Base Temperature (-) 150 Armor Coverage 225 Evasion (%) 55 Targeting Accuracy 6 Armor Integrity Analysis 30 Salvage Targeting 4 Item Schematics ----------------- None Robot Schematics ------------------ H-88 Terminator | -6/Zion | Archive Fabricated ------------ Nothing Repaired ---------- Hrd. Medium Armor Plating | 44% | -6/Factory Alien Tech Used ----------------- None Achievements -------------- None Challenges ------------ None Game ------ Seed PhysicsStormScythe Manual? 0 Play Time 02:08:08 Cumulative 46.5 hours Start 2025.07.13 @ 00:23:32 End 2025.07.15 @ 01:10:20 Sessions 5 Manual Loads 0 Difficulty Rogue Special Mode None Game No. 62 Rogue 62 Adventurer 0 Explorer 0 Win Type - Total 0 Types 0/0/0/0/0/0/0/0/0/0 Lore% 36 Gallery% 30 Achievement% 30 Wizard Run 0 Options --------- Layout 1 ASCII 0 Keyboard 0 Movement Arrows Keybinds 0 Fullscreen 1 Font 24/Smallcaps Map View 50x35 Zoom Use 0% Tactical HUD 1 Map Filters NONE Filters NONE Steam 1 RUN: 6f65e1c0-3dd2-489a-a269-06148a8c1d43